 Seeded DCSS version 0.30-a0-469-g84de5afbc5 (webtiles) character file.

Game seed: 20221220 (custom seed)

1233 flotson the Sneak (level 8, -10/55 HPs)
             Began as a Demonspawn Delver on Dec 20, 2022.
             Was a Follower of Hepliaklqana.
             Killed by nerve-wracking pain
             ... invoked by Grinder
              (11 damage)
             ... on level 6 of the Dungeon.
             The game lasted 00:11:18 (4389 turns).

flotson the Sneak (Demonspawn Delver)               Turns: 4389, Time: 00:11:19

Health: -10/55     AC:  7    Str: 15    XL:     8   Next: 24%
Magic:  10/10      EV: 13    Int: 11    God:    Hepliaklqana [*.....]
Gold:   259        SH:  0    Dex: 15    Spells: 7/7 levels left

rFire   + + +      SeeInvis .    F - +4 flail (drain)
rCold   + . .      Faith    .    (no shield)
rNeg    . . .      Spirit   .    I - +3 leather armour {rC+}
rPois   .          Reflect  .    (helmet restricted)
rElec   +          Harm     .    (no cloak)
rCorr   .          Rampage  .    n - +0 pair of gloves
Will    .....                    (no boots)
Stlth   ++++......               (no amulet)
HPRegen 0.29/turn                h - ring of the Messenger {rElec rF++ Dex-2 Slay+4}
MPRegen 0.12/turn                z - ring of protection from fire

@: hasted, very quick
A: reduced essence, antennae 1, thin skeletal structure 1, powered by death 3
a: Renounce Religion, Recall Ancestor, Ancestor Identity


You were on level 6 of the Dungeon.
You worshipped Hepliaklqana.
Hepliaklqana was aware of your devotion.
You visited 2 branches of the dungeon, and saw 7 of its levels.

You collected 259 gold pieces.

Inventory:

Hand Weapons
 a - a +1 whip of venom
 b - a +0 sling
 F - a +4 flail of draining (weapon)
Missiles
 w - 4 poisoned darts
 x - 8 boomerangs
Armour
 n - a +0 pair of gloves (worn)
 A - a +0 plate armour of poison resistance
 I - a +3 leather armour of cold resistance (worn)
Jewellery
 h - the ring of the Messenger (left hand) {rElec rF++ Dex-2 Slay+4}
   (You found it on level 5 of the Dungeon)

   [ring of slaying]

   Dex:       It affects your dexterity (-2).
   Slay:      It affects your accuracy & damage with ranged weapons and melee
   (+4).
   rF:        It greatly protects you from fire.
   rElec:     It insulates you from electricity.
 z - a ring of protection from fire (right hand)
Wands
 g - a wand of digging (2)
 y - a wand of polymorph (11)
 D - a wand of flame (9)
 K - a wand of paralysis (8)
Scrolls
 c - 4 scrolls of fog
 d - a scroll of magic mapping
 e - a scroll of fear
 j - a scroll of summoning {unknown}
 k - 7 scrolls of identify {unknown}
 l - 2 scrolls of enchant armour {unknown}
 p - 3 scrolls of immolation {unknown}
 q - 2 scrolls of teleportation {unknown}
 E - a scroll of brand weapon {unknown}
 G - a scroll of noise {unknown}
 H - a scroll of blinking {unknown}
 J - a scroll of vulnerability {unknown}
Potions
 i - a potion of cancellation {unknown}
 m - 4 potions of degeneration {unknown}
 o - 2 potions of lignification {unknown}
 r - 3 potions of heal wounds {unknown}
 s - 3 potions of attraction {unknown}
 t - 2 potions of curing {unknown}
 u - a potion of flight {unknown}
 v - a potion of magic {unknown}
 B - 3 potions of mutation {unknown}
 C - 2 potions of might {unknown}


   Skills:
 + Level 5.0 Fighting
 + Level 2.9 Axes
 + Level 2.7 Throwing
 + Level 3.1 Armour
 + Level 4.4 Dodging
 - Level 5.0 Stealth
 + Level 3.6 Invocations
 + Level 3.6 Evocations


You had 7 spell levels left.
You didn't know any spells.
Your spell library contained the following spells:

 Spells                   Type           Power      Damage    Failure   Level
 Cigotuvi's Dreadful Rot  Necr/Pois/Air  0%         N/A       54%         2
 Poisonous Vapours        Pois/Air       0%         N/A       54%         2
 Sublimation of Blood     Necr           0%         N/A       54%         2
 Wereblood                Tmut           0%         N/A       54%         2
 Kindle Blastsparks       Fire/Tloc/Air  0%         2d10      78%         3
 Mephitic Cloud           Conj/Pois/Air  0%         N/A       78%         3
 Fulminant Prism          Conj/Hex       0%         3d5       99%         4
 Iskenderun's Mystic Bla  Conj/Tloc      0%         2d3       99%         4
 Lee's Rapid Deconstruct  Erth           0%         3d4*      100%        5
 Summon Hydra             Summ           0%         N/A       100%        7


Dungeon Overview and Level Annotations

Branches:
Dungeon (6/15)             Temple (1/1) D:4

Altars:
Cheibriados
Dithmenos
Fedhas
Gozag
Hepliaklqana
Kikubaaqudgha
Makhleb
Okawaru
Qazlal
Ru
Sif Muna
Trog
Vehumet
Wu Jian
Yredelemnul

Shops:
D:4 :

Annotations:
D:6 Grinder


Innate Abilities, Weirdness & Mutations

Your life essence is reduced to manifest your ancestor. (-10% HP)
You have a pair of small antennae on your head.
You have a somewhat thin skeletal structure. (Dex +2, Stealth+)
You regenerate a lot of health from kills.


Message History

You hear a zap.
The roots erupt in riotous growth!
The grasping roots grab you!
You are constricted! x2
You escape the roots grasp.
Pain shoots through your body!
You suddenly lose the ability to move!
Milos hits the phantom.
Something completely misses you. Something hits you but does no damage.
You can move again.
Unknown command.
You hear a zap.
The roots erupt in riotous growth!
The grasping roots grab you!
You are constricted.
You barely miss something. Something hits you.
You writhe in agony.
You are constricted.
Something hits you.
You writhe in agony.
You are constricted.
You hit something. Something hits you but does no damage.
You are constricted.
* * * LOW HITPOINT WARNING * * *
The grasping roots release their grip on you.
You barely miss something.
You suddenly lose the ability to move!
Milos hits something.
Pain shoots through your body!
* * * LOW HITPOINT WARNING * * *
The phantom hits you.
* * * LOW HITPOINT WARNING * * *
The phantom blinks!
Milos hits something.
Something hits you!
* * * LOW HITPOINT WARNING * * *
Milos barely misses something.
Something hits you.
* * * LOW HITPOINT WARNING * * *
You writhe in agony.
* * * LOW HITPOINT WARNING * * *
Milos hits something but does no damage.
You can move again.
You can't see any enemies this would affect, really read the scroll of fear?
Okay, then.
You feel yourself speed up. Pain shoots through your body!
You die...

#...~~~~$~~...≈~⌠.~#
##..~~#~≈~≈≈~~~≈≈~≈#≈
#...≈≈≈≈≈≈≈≈~≈W≈≈≈≈#
#....≈≈≈≈≈≈≈~≈≈≈≈~.#
##...##≈≈~≈†~##≈≈~)
#.#..~~#W~~≈≈#≈~#
#.#.....~~R#≈≈~.#
#..#.##.##~~{~~##..#
#..##.#######@†######
#..# #.# ##....###
#..# #.## ####...#
..# #..# ###.# ##.#
#.# #.## #.#
#..###########.#
##.R#..........#
##...##########


You could see the friendly Milos the ancestor and a phantom.

Vanquished Creatures
  Sigmund (D:6)
  Edmund (D:5)
  A water moccasin (D:6)
  2 black bears
  2 scorpions
  3 electric eels (D:6)
  2 hounds
  2 orc priests (D:5)
  An iguana (D:5)
  Ijyb (D:5)
  Terence (D:3)
  3 adders
  A worm (D:3)
  10 dart slugs
  17 orcs
  10 endoplasms
  5 giant cockroaches
  5 goblins
  7 hobgoblins
  8 jackals
  8 kobolds
  4 quokkas
  8 ball pythons
  4 bats
  2 frilled lizards (D:1)
  2 rats
111 creatures vanquished.

Vanquished Creatures (collateral kills)
  A phantom (D:6)
  5 dart slugs (D:6)
6 creatures vanquished.

Vanquished Creatures (others)
  An ancestor (D:6)
1 creature vanquished.

Grand Total: 118 creatures vanquished

Notes
Turn   | Place    | Note
-------+----------+-------------------------------------------
     0 | D:5      | flotson the Demonspawn Delver began the quest for the Orb.
     0 | D:5      | Reached XP level 1. HP: 18/18 MP: 1/1
    10 | D:5      | Noticed Edmund
    12 | D:5      | Identified the ring of the Messenger {rElec rF++ Dex-2
                  | Slay+4}
    87 | D:4      | Gained mutation: You regenerate a little health from kills.
                  | [demonic ancestry]
    87 | D:4      | Reached XP level 2. HP: 24/24 MP: 2/2
   333 | D:2      | Reached skill level 1 in Evocations
   334 | D:2      | Reached XP level 3. HP: 29/29 MP: 3/3
   553 | D:1      | Reached skill level 1 in Armour
   682 | D:1      | Found Itetuxec's General Store.
   791 | D:1      | Reached XP level 4. HP: 35/35 MP: 4/4
  1490 | D:3      | Found an opulent altar of Gozag.
  1544 | D:3      | Noticed Terence
  2137 | D:3      | Killed Terence
  2138 | D:3      | Reached skill level 5 in Stealth
  2386 | D:3      | Gained mutation: You have a pair of small antennae on your
                  | head. [demonic ancestry]
  2386 | D:3      | Reached XP level 5. HP: 41/42 MP: 5/5
  2391 | D:3      | Noticed a black bear
  2400 | D:3      | Killed a black bear
  2401 | D:3      | Reached skill level 1 in Throwing
  2575 | D:4      | Found a staircase to the Ecumenical Temple.
  2587 | Temple   | Entered the Ecumenical Temple
  2883 | Temple   | Became a worshipper of Hepliaklqana the Forgotten
  3030 | D:4      | Gained mutation: You regenerate health from kills. [demonic
                  | ancestry]
  3030 | D:4      | Reached XP level 6. HP: 48/48 MP: 6/6
  3048 | D:4      | Found Bayle's Book Emporium.
  3228 | D:5      | Killed Edmund
  3229 | D:5      | Reached skill level 1 in Invocations
  3643 | D:5      | Gained mutation: You have a somewhat thin skeletal
                  | structure. (Dex +2, Stealth+) [demonic ancestry]
  3643 | D:5      | Reached XP level 7. HP: 54/54 MP: 8/8
  3783 | D:5      | Noticed Ijyb
  3789 | D:5      | Killed Ijyb
  4052 | D:6      | Noticed Sigmund
  4062 | D:6      | Killed Sigmund
  4184 | D:6      | Reached * piety under Hepliaklqana
  4280 | D:6      | Gained mutation: You regenerate a lot of health from kills.
                  | [demonic ancestry]
  4280 | D:6      | Reached XP level 8. HP: 54/54 MP: 10/10
  4371 | D:6      | Noticed Grinder
  4377 | D:6      | Reached skill level 5 in Fighting
  4379 | D:6      | Paralysed by something for 3 turns
  4385 | D:6      | Paralysed by something for 4 turns
  4388 | D:6      | HP: 1/55 [something (3)]
  4389 | D:6      | Killed from afar by Grinder

Illustrated notes

Levels and vault maps discovered:
D:1:      giann_forest_graveyard, layout_rooms, serial_shops, shop,
          item_on_display_a
D:2:      layout_basic
D:3:      layout_basic, nicolae_gozag_cash_rules_everything_around_me,
          uniq_terence
D:4:      layout_cave_pools, minmay_temple_entry_stoned_glass,
          serial_column_ruins, column_ruins_columns_straight,
          column_ruins_grid_2, column_ruins_open_medium, column_ruins_grid_4,
          serial_shops, nicolae_shop_hallway_plus
D:5:      layout_basic, minmay_misc_feat_ornament, uniq_ijyb, uniq_edmund
D:6:      kennysheep_slugbush, layout_cave_pods, nicolae_uskayaw_dance_hall,
          nemelex_xobeh_ov_fountains_minmay, uniq_grinder, uniq_sigmund
Temple:   minmay_temple_bridge_d

Skill      XL: |  1  2  3  4  5  6  7  8 |
---------------+-------------------------+-----
Dodging        | 2 3 4 |  4.4
Evocations     | 1 2 3 |  3.6
Armour         | 1 2 3 |  3.1
Stealth        | 5 |  5.0
Throwing       | 1 2 |  2.7
Fighting       | 4 5 |  5.0
Invocations    | 1 3 |  3.6
Axes           | 2 |  2.9

Action                   |  1- 3 |  4- 6 |  7- 9 || total
-------------------------+-------+-------+-------++-------
Melee: Hand axe          |    25 |       |       ||    25
       Whip              |       |    50 |       ||    50
       Flail             |       |    28 |    51 ||    79
       Punch             |       |     1 |       ||     1
 Fire: Sling             |    63 |    20 |       ||    83
Evoke: Wand              |     1 |       |     6 ||     7
  Use: Potion            |       |       |     1 ||     1
 Stab: Sleeping          |     2 |     4 |     2 ||     8
Armor: Leather armour    |     2 |       |    11 ||    13
       Ring mail         |    16 |    18 |     4 ||    38
       Skin              |       |     3 |       ||     3
Dodge: Dodged            |    29 |    56 |    40 ||   125

Table legend: (Time is in decaauts)
 A = Elapsed time spent in this place.
 B = Non-inter-level travel time spent in this place.
 C = Inter-level travel time spent in this place.
 D = Time resting spent in this place.
 E = Time spent auto-exploring this place.
 F = Levels seen in this place.
 G = Mean time per level.
                   A        B        C        D        E       F      G
               +--------+--------+--------+--------+--------+-----+--------+
         Total |   4464 |   4113 |    351 |     70 |   3201 |   7 |  637.7 |
       Dungeon |   4096 |   3891 |    205 |     70 |   2990 |   6 |  682.7 |
        Temple |    368 |    222 |    146 |      0 |    211 |   1 |  368.0 |
               +--------+--------+--------+--------+--------+-----+--------+

Top non-repeatable levels by time:
     D:2: 1182 daAuts
     D:5: 870 daAuts
     D:3: 586 daAuts
     D:4: 577 daAuts
     D:1: 516 daAuts
  Temple: 368 daAuts
     D:6: 362 daAuts
